 Dungeon Crawl Stone Soup version 0.31-a0-986-g5e6e4ef867 (webtiles) character file.

Game seed: 15065042873048020762

1628 Newt the Spear-Bearer (level 8, -4/49 (57) HPs)
             Began as a Merfolk Gladiator on Nov 9, 2023.
             Was a Follower of Hepliaklqana.
             Slain by Jeremiah
             ... wielding a +4 trident of draining
              (8 damage)
             ... on level 6 of the Dungeon.
             The game lasted 00:05:55 (4606 turns).

Newt the Spear-Bearer (Merfolk Gladiator)           Turns: 4606, Time: 00:05:56

HP:   -4/49 (57)    AC:  3    Str: 15    XL:     8   Next: 97%
MP:   8/8           EV: 15    Int:  7    God:    Hepliaklqana [*.....]
Gold: 197           SH:  0    Dex: 18    Spells: 7/7 levels left

rFire   . . .        p - +2 trident (heavy)
rCold   . . .        (no shield)
rNeg    . . .        b - +0 leather armour
rPois   +            c - melded +1 helmet
rElec   .            (cloak currently unavailable)
rCorr   .            (gloves currently unavailable)
SInv    .            (boots currently unavailable)
Will    +....        s - amulet "Fuuseik" {rPois Will+ Regen+ Str-2 Dex+3}
Stlth   +            h - ring of poison resistance
HPRegen 1.08/turn    (no ring)
MPRegen 0.11/turn

%: no passive effects
@: beast-form, heavily drained
A: beast (slay +4), reduced essence, (nimble swimmer 2), mertail
a: Begin Untransformation, Renounce Religion, Recall Ancestor, Ancestor Identity


You were on level 6 of the Dungeon.
You worshipped Hepliaklqana.
Hepliaklqana was aware of your devotion.
You were a hulking beast.
You visited 1 branch of the dungeon, and saw 6 of its levels.

You collected 197 gold pieces.

Inventory:

Hand Weapons
 a - a +0 trident
 p - a +2 heavy trident (weapon)
Missiles
 d - a throwing net (quivered)
 e - a javelin
Armour
 b - a +0 leather armour (worn)
 c - a +1 helmet (melded)
Jewellery
 h - a ring of poison resistance (left hand)
 l - an amulet of magic regeneration
 s - the amulet "Fuuseik" (around neck) {rPois Will+ Regen+ Str-2 Dex+3}
   (You found it on level 4 of the Dungeon)

   [amulet of regeneration]

   Str-2:     It affects your strength (-2).
   Dex+3:     It affects your dexterity (+3).
   rPois:     It protects you from poison Will+: It increases your willpower.
   Regen+:    It increases your rate of health regeneration.
Talismans
 k - a beast talisman (active)
Scrolls
 i - 2 scrolls of teleportation
 n - a scroll of torment {unknown}
Potions
 f - a potion of brilliance
 g - 4 potions of curing
 j - a potion of heal wounds
 m - a potion of mutation
 o - a potion of resistance
 q - a potion of berserk rage {unknown}


   Skills:
 + Level 5.9 Fighting
 - Level 10.0 Polearms
 - Level 2.0 Throwing
 - Level 6.0 Dodging
 - Level 7.0 Shapeshifting


You had 7 spell levels left.
You didn't know any spells.
Your spell library contained the following spells:

 Spells                   Type           Power      Damage    Failure   Level
 Cigotuvi's Dreadful Rot  Necr/Pois/Air  0%         N/A       65%         2
 Ignite Poison            Fire/Tmut/Pois 0%         N/A       86%         3
 Tukima's Dance           Hex            0%         N/A       86%         3
 Passage of Golubria      Tloc           0%         N/A       99%         4
 Freezing Cloud           Conj/Ice/Air   0%         6-21      100%        5
 Yara's Violent Unravell  Hex/Tmut       0%         3d3       100%        5


Dungeon Overview and Level Annotations

Branches:
Dungeon (6/15)             Temple (0/1) D:5

Altars:
Ashenzari
Cheibriados
Hepliaklqana
Makhleb
Ru
Uskayaw
Wu Jian
The Shining One

Annotations:
D:5 1 transporter
D:6 Jeremiah


Innate Abilities, Weirdness & Mutations

You are a hulking beast.
Your limbs bulge with bestial killing power. (Slay +4)
Your life essence is reduced to manifest your ancestor. (-10% HP)
((You are very nimble when in or above water. (Stealth+, EV+, Speed+++)))
Your lower body shifts to a powerful aquatic tail in water.


Message History

You reach to attack!
You puncture Jeremiah!
Jeremiah is severely wounded.
The butterfly disappears in a burst of colours!
Jeremiah completely misses you.
The butterfly is in the way.
You puncture the butterfly!
You kill the butterfly!
The butterfly disappears in a burst of colours!
A jelly comes into view.
Jeremiah hops!
Takurtum misses the butterfly.
The butterfly disappears in a burst of colours!
Jeremiah throws their arms up pleadingly.
Something smites you!
Takurtum hits the butterfly.
The butterfly dies!
The butterfly disappears in a burst of colours!
Jeremiah mumbles a slurred invocation.
Something smites you!
Takurtum hits the butterfly!
The butterfly dies!
The butterfly disappears in a burst of colours!
The butterfly is in the way.
You miss the butterfly.
The butterfly disappears in a burst of colours! x6
Jeremiah hits you from afar with a +4 trident of draining!
You feel drained.
* * * LOW HITPOINT WARNING * * *
Unknown command.
Reach: p) +2 trident (heavy)
Press: ? - help, Dir - move target, f/p - Jeremiah
Aim: Jeremiah, wielding a +4 trident of draining, wearing a +0 robe and wearing an orb of guile (severely wounded, about 33% to evade your +2 heavy trident)
You reach to attack!
You hit Jeremiah.
Jeremiah is severely wounded.
The butterfly disappears in a burst of colours! x2
Jeremiah hits you from afar with a +4 trident of draining!
* * * LOW HITPOINT WARNING * * *
You feel drained.
* * * LOW HITPOINT WARNING * * *
Takurtum hits the butterfly.
The butterfly dies!
The butterfly disappears in a burst of colours!
Jeremiah hits you from afar with a +4 trident of draining!
You die...
Jeremiah asks, "Is it over?
Can I wake up now?"

... .....
#.#...... ..
.........# ...
...b...... ....
#b#......
....###bFb...#.
....R..bbb.....
.....J.hb..##
....b.......#
......b†.b.)##...
.........b.....#
........#........
.................
b........#.#.#...
......#######...#
...... ....


You could see the friendly Takurtum the ancestor, Jeremiah and a jelly.

Vanquished Creatures
  Pikel (D:4)
  Sigmund (D:4)
  An ogre (D:4)
  A centaur (D:5)
  2 phantoms (D:5)
  Blork the orc (D:4)
  2 scorpions
  A howler monkey (D:5)
  4 hounds
  2 orc priests (D:5)
  4 iguanas (D:5)
  3 adders
  A shadow imp (D:5)
  2 ufetubi (D:6)
  5 worms
  3 dart slugs
  18 orcs
  9 ball pythons
  4 bats
  4 endoplasms
  5 giant cockroaches
  6 goblins
  6 hobgoblins
  4 jackals (D:2)
  A quokka (D:1)
  2 frilled lizards
  9 kobolds
  7 rats
109 creatures vanquished.

Vanquished Creatures (collateral kills)
  An orc (D:5)
1 creature vanquished.

Vanquished Creatures (others)
  An ancestor (D:5)
1 creature vanquished.

Grand Total: 111 creatures vanquished

Notes
Turn   | Place    | Note
-------+----------+-------------------------------------------
     0 | D:1      | Newt the Merfolk Gladiator began the quest for the Orb.
     0 | D:1      | Reached XP level 1. HP: 16/16 MP: 1/1
   152 | D:1      | Reached XP level 2. HP: 23/23 MP: 2/2
   777 | D:2      | Reached XP level 3. HP: 29/30 MP: 3/3
  1686 | D:3      | Reached XP level 4. HP: 23/37 MP: 4/4
  1690 | D:3      | Reached skill level 5 in Polearms
  1988 | D:3      | Found a broken altar of Ashenzari.
  1995 | D:3      | Found a glowing golden altar of the Shining One.
  2000 | D:3      | Found a sacrificial altar of Ru.
  2011 | D:3      | Found a hazy altar of Hepliaklqana.
  2018 | D:3      | Found an ornate altar of the Wu Jian Council.
  2023 | D:3      | Found a snail-covered altar of Cheibriados.
  2031 | D:3      | Found a hide-covered altar of Uskayaw.
  2043 | D:3      | Became a worshipper of Hepliaklqana the Forgotten
  2211 | D:3      | Found a burning altar of Makhleb.
  2615 | D:4      | Noticed an ogre
  2622 | D:4      | Killed an ogre
  2623 | D:4      | Reached skill level 6 in Polearms
  2623 | D:4      | Reached XP level 5. HP: 42/42 MP: 5/5
  2720 | D:4      | Noticed a lemure
  2720 | D:4      | Noticed a lemure
  2721 | D:4      | Noticed a lemure
  2721 | D:4      | Noticed Pikel
  2740 | D:4      | Killed Pikel
  2741 | D:4      | Reached XP level 6. HP: 26/48 MP: 6/6
  2741 | D:4      | Reached XP level 7. HP: 30/54 MP: 7/7
  2927 | D:4      | Noticed Sigmund
  2953 | D:4      | Killed Sigmund
  2954 | D:4      | Reached skill level 7 in Polearms
  2954 | D:4      | Reached XP level 8. HP: 31/60 MP: 8/8
  3001 | D:4      | Noticed Blork the orc
  3010 | D:4      | Killed Blork the orc
  3295 | D:4      | Identified the amulet "Fuuseik" {rPois Will+ Regen+ Str-2
                  | Dex+3}
  3416 | D:4      | Reached skill level 8 in Polearms
  3540 | D:5      | Entered Level 5 of the Dungeon
  3590 | D:5      | Found a staircase to the Ecumenical Temple.
  3603 | D:5      | Reached skill level 9 in Polearms
  3723 | D:5      | Reached skill level 10 in Polearms
  3883 | D:5      | Reached * piety under Hepliaklqana
  4073 | D:5      | Found a transporter.
  4159 | D:5      | Found a transporter.
  4240 | D:5      | Reached skill level 5 in Fighting
  4592 | D:6      | Noticed Jeremiah
  4606 | D:6      | Slain by Jeremiah

Illustrated notes

Levels and vault maps discovered:
D:1:      nzn_arrival_water_spiral, layout_basic
D:2:      layout_loops_corners, st_stairs_13, grunt_ministairs_11
D:3:      layout_basic, lemuel_tele_altar, grunt_temple_overflow_octagram
D:4:      layout_loops_ring, kennysheep_small_spiral, sigmund_army, uniq_pikel,
          uniq_blork_the_orc
D:5:      layout_loops_corners, minmay_temple_entry_hall,
          gammafunk_ghost_gnarly_gnolls
D:6:      layout_rooms, mainiacjoe_overflow_alcove_1,
          cheibrodos_sewer_entry_bend, hangedman_abyss_or_decor_slice,
          kennysheep_generic_room_9, uniq_jeremiah

Skill      XL: |  1  2  3  4  5  6  7  8 |
---------------+-------------------------+-----
Fighting       | 3 4 5 |  5.9
Polearms       | 6 7 10 | 10.0
Shapeshifting  | 7 |  7.0
Dodging        | 6 |  6.0
Throwing       | |  2.0

Action                     |  1- 3 |  4- 6 |  7- 9 || total
---------------------------+-------+-------+-------++-------
  Melee: Trident           |   123 |    95 |   120 ||   338
         Tailslap          |     1 |       |       ||     1
         Punch             |     1 |       |     4 ||     5
  Throw: Throwing net      |     1 |     3 |       ||     4
         Javelin           |       |       |     1 ||     1
    Use: Scroll            |     3 |     1 |     8 ||    12
         Potion            |       |       |     2 ||     2
   Stab: Sleeping          |     5 |     2 |       ||     7
         Held in net/web   |     1 |     5 |       ||     6
         Distracted        |       |     1 |     1 ||     2
 Armour: Leather armour    |    54 |    35 |    63 ||   152
  Dodge: Dodged            |    75 |    34 |    82 ||   191
   Form: Beast             |       |       |     1 ||     1

Table legend: (Time is in decaauts)
 A = Elapsed time spent in this place.
 B = Non-inter-level travel time spent in this place.
 C = Inter-level travel time spent in this place.
 D = Time resting spent in this place.
 E = Time spent auto-exploring this place.
 F = Levels seen in this place.
 G = Mean time per level.
                   A        B        C        D        E       F      G
               +--------+--------+--------+--------+--------+-----+--------+
         Total |   4615 |   4466 |    149 |    260 |   3461 |   6 |  769.2 |
       Dungeon |   4615 |   4466 |    149 |    260 |   3461 |   6 |  769.2 |
               +--------+--------+--------+--------+--------+-----+--------+

Top non-repeatable levels by time:
     D:5: 1057 daAuts
     D:2: 1019 daAuts
     D:4: 975 daAuts
     D:3: 928 daAuts
     D:1: 616 daAuts
     D:6: 17 daAuts
